 Dungeon Crawl Stone Soup version 0.28-b1-25-g9875b3fc8c (webtiles) character file.

Game seed: 12422750095729158461

2014 lordive the Summoner (level 9, -1/45 HPs)
             Began as a Tengu Summoner on Jan 31, 2022.
             Was a Follower of Sif Muna.
             Killed from afar by Maggie (23 damage)
             ... with a bolt of fire
             ... on level 7 of the Dungeon on Feb 1, 2022.
             The game lasted 00:22:46 (8114 turns).

lordive the Summoner (Tengu Summoner)               Turns: 8114, Time: 00:22:47

Health: -1/45      AC:  4    Str: 10    XL:     9   Next: 22%
Magic:  11/20      EV: 15    Int: 19    God:    Sif Muna [*.....]
Gold:   191        SH:  0    Dex: 14    Spells: 13/22 levels left

rFire   . . .      SeeInvis .   (no weapon)
rCold   . . .      Faith    .   (no shield)
rNeg    . . .      Spirit   .   (no armour)
rPois   .          Reflect  .   (helmet restricted)
rElec   .          Harm     .   (no cloak)
rCorr   .          Rampage  .   (no gloves)
Will    .....                   (boots unavailable)
Stlth   ++........              (no amulet)
HPRegen 0.15/turn               b - +4 ring of protection
MPRegen 0.17/turn               (no ring)

@: flying quickly and evasively, mesmerised, quick
A: beak, talons 3, nimble flight
a: Renounce Religion, Channel Magic


You were on level 7 of the Dungeon.
You worshipped Sif Muna.
Sif Muna was aware of your devotion.
You visited 2 branches of the dungeon, and saw 8 of its levels.
You also visited: Ossuary.

You collected 191 gold pieces.

Inventory:

Missiles
 g - 3 throwing nets
Armour
 a - a +0 robe
 m - +0 steam dragon scales
Jewellery
 b - a +4 ring of protection (left hand)
 k - a ring of positive energy
 q - a ring of positive energy
Scrolls
 c - a scroll of enchant weapon {unknown}
 e - 6 scrolls of identify
 h - a scroll of magic mapping {unknown}
 i - a scroll of summoning
 j - a scroll of amnesia
 l - 2 scrolls of silence {unknown}
 o - a scroll of fear {unknown}
 r - 2 scrolls of torment {unknown}
 s - a scroll of teleportation {unknown}
 u - 2 scrolls of vulnerability {unknown}
 v - a scroll of noise {unknown}
Potions
 d - a potion of brilliance
 f - 5 potions of curing
 n - 4 potions of might
 p - a potion of cancellation
 t - a potion of mutation {unknown}
 w - a potion of flight {unknown}


   Skills:
 + Level 3.6 Dodging
 - Level 2.0 Stealth
 - Level 7.0 Spellcasting
 + Level 1.1 Hexes
 * Level 11.3 Summonings


You had 13 spell levels left.
You knew the following spells:

 Your Spells              Type           Power      Damage    Failure   Level
a - Summon Small Mammal   Summ           100%       N/A       1%          1
b - Call Imp              Summ           49%        N/A       1%          2
c - Call Canine Familiar  Summ           49%        N/A       1%          3
d - Summon Guardian Gole  Hex/Summ       30%        N/A       2%          3

Your spell library contained the following spells:

 Spells                   Type           Power      Damage    Failure   Level
 Slow                     Hex            44%        N/A       6%          1
 Animate Skeleton         Necr           12%        N/A       10%         1
 Pain                     Necr           24%        1d5       10%         1
 Summon Lightning Spire   Summ/Air       28%        N/A       10%         4
 Blink                    Tloc           12%        N/A       16%         2
 Confusing Touch          Hex            11%        N/A       19%         3
 Vampiric Draining        Necr           6%         2d6       30%         3
 Manifold Assault         Tloc           6%         N/A       95%         5
 Storm Form               Tmut/Air       3%         N/A       100%        7


Dungeon Overview and Level Annotations

Branches:
Dungeon (7/15)             Temple (1/1) D:4         Ossuary (visited)

Altars:
Ashenzari
Cheibriados
Dithmenos
Elyvilon
Hepliaklqana
Kikubaaqudgha
Makhleb
Nemelex Xobeh
Okawaru
Qazlal
Sif Muna
Trog
Uskayaw
Wu Jian
Xom
Zin

Shops:
D:2 !

Annotations:
D:3 3 runed translucent doors, osoart's ghost, amateur BaFi
D:7 Maggie


Innate Abilities, Weirdness & Mutations

You have a beak for a mouth.
You have claws for feet.
Your magical nature lets you fly swiftly and evasively.


Message History

Maggie gestures at you while chanting. The bolt of fire hits your crimson imp.
Your crimson imp completely resists.
The bolt of fire hits you!!
Ouch! That really hurt!
Casting: Call Imp (safe; 1% risk of failure)
Confirm with . or Enter, or press ? or * to list all spells.
Maggie casts a spell.
Maggie attempts to bespell you!
You are mesmerised by Maggie!
Unknown command.
Casting: Summon Small Mammal (safe; 1% risk of failure)
Confirm with . or Enter, or press ? or * to list all spells.
Your wolf bites Maggie. x2; Maggie zaps a wand.
The bolt of acid hits your crimson imp!!
The acid corrodes your crimson imp!
Your crimson imp dies!
Your crimson imp disappears in a puff of smoke!
The bolt of acid hits your guardian golem!!
The acid corrodes your guardian golem! The bolt of acid misses you.
Your guardian golem is destroyed!
Your guardian golem disappears in a puff of smoke!
Unknown command.
What are your orders? t - Shout!
Orders for allies: a - Attack new target. r - Retreat! s - Stop attacking. g - Guard the area. f - Follow me.
Anything else - Cancel.
Gang up on whom?
Press: ? - help, Dir - move target, f - Maggie
Aim: Maggie, wielding a +0 broad axe, wearing +0 acid dragon scales and carrying a wand of acid (5) (purple smoke, lightly wounded, mesmerising, ally target) Attack!
Your wolf bites Maggie!
Maggie casts a spell at you. The bolt of fire hits your quokka.
Your quokka dies!
Your quokka's corpse disappears in a puff of smoke!
The bolt of fire hits you!!
Ouch! That really hurt!
You die...

#............
#............
............
@h.......#
.b......#
.......#
#ยง.....#
#@.....#
#......#
+......+
#......#
#........
#######..


Y You could see Maggie (mesmerising, ally target), an ice beast (asleep), a
friendly wolf (summoned) and a friendly bat (summoned).

Vanquished Creatures (collateral kills)
  Grinder (D:3)
  A necrophage (D:4)
  An ogre (D:4)
  A gnoll sergeant (D:6)
  8 scorpions
  A water moccasin zombie (D:6)
  A bullfrog zombie (D:6)
  2 human zombies (Ossuary)
  A hound (D:5)
  2 bullfrog skeletons (D:6)
  3 centaur zombies (Ossuary)
  4 iguanas
  An orc wizard (D:4)
  4 scorpion zombies (Ossuary)
  A killer bee zombie (D:6)
  A hound zombie (D:5)
  3 mummies (Ossuary)
  A hound skeleton (D:4)
  8 gnolls
  2 adders
  A worm (D:4)
  11 orcs
  3 bats
  An endoplasm (D:4)
  4 giant cockroaches
  7 goblins
  5 hobgoblins
  8 jackals
  3 quokkas
  2 ball pythons
  6 gnoll zombies (Ossuary)
  5 hobgoblin zombies (Ossuary)
  7 kobolds
  3 kobold zombies (Ossuary)
  3 orc zombies (Ossuary)
  5 rats
121 creatures vanquished.

Vanquished Creatures (others)
  A steam dragon (D:6)
  A bullfrog (D:6)
  A scorpion (Ossuary)
  A gnoll shaman (D:4)
  A gnoll (D:6)
  An orc (D:4)
  An endoplasm (D:4)
7 creatures vanquished.

Grand Total: 128 creatures vanquished

Notes
Turn   | Place    | Note
-------+----------+-------------------------------------------
     0 | D:1      | lordive the Tengu Summoner began the quest for the Orb.
     0 | D:1      | Reached XP level 1. HP: 10/10 MP: 4/4
    42 | D:1      | Found a faded altar of an unknown god.
   480 | D:1      | Reached skill level 5 in Summonings
   815 | D:1      | Reached XP level 2. HP: 8/15 MP: 4/6
   826 | D:1      | Learned a level 2 spell: Call Imp
  1957 | D:2      | Reached XP level 3. HP: 19/19 MP: 2/7
  2111 | D:2      | Identified the +8 mace of Narrow Valour {freeze, Str+5
                  | SInv}
  2400 | D:2      | Found Lunuat's Distillery.
  2447 | D:3      | Noticed a kobold brigand
  2447 | D:3      | Noticed osoart's ghost (amateur BaFi)
  2447 | D:3      | Found a runed translucent gate.
  2452 | D:3      | Learned a level 3 spell: Call Canine Familiar
  2453 | D:3      | Found a runed translucent gate.
  2453 | D:3      | Found a runed translucent gate.
  3127 | D:3      | Reached XP level 4. HP: 24/24 MP: 1/9
  3220 | D:3      | Noticed Grinder
  3528 | D:3      | Paralysed by Grinder for 6 turns
  3553 | D:3      | Paralysed by Grinder for 6 turns
  3563 | D:3      | Paralysed by Grinder for 5 turns
  3566 | D:3      | Killed Grinder
  3567 | D:3      | Reached skill level 7 in Summonings
  3567 | D:3      | Gained mutation: Your magical nature lets you fly swiftly
                  | and evasively. [Tengu growth]
  3567 | D:3      | Reached XP level 5. HP: 21/28 MP: 1/12
  3567 | D:3      | Reached XP level 6. HP: 25/32 MP: 1/13
  3772 | D:3      | Found a broken altar of Ashenzari.
  3966 | D:4      | Learned a level 3 spell: Summon Guardian Golem
  4682 | D:4      | Reached XP level 7. HP: 31/36 MP: 12/15
  4693 | D:4      | Reached skill level 5 in Spellcasting
  4958 | D:4      | Found a staircase to the Ecumenical Temple.
  5020 | Temple   | Entered the Ecumenical Temple
  5154 | Temple   | Became a worshipper of Sif Muna the Loreminder
  5348 | D:5      | Entered Level 5 of the Dungeon
  5530 | D:5      | Reached skill level 8 in Summonings
  5826 | D:5      | You are sucked into a shaft and drop 1 floor!
  5949 | D:6      | Reached XP level 8. HP: 29/41 MP: 13/17
  6117 | D:6      | Reached skill level 9 in Summonings
  6333 | D:6      | Found a sand-covered staircase.
  6337 | Ossuary  | Entered an ossuary
  6491 | Ossuary  | Reached * piety under Sif Muna
  6895 | Ossuary  | Reached skill level 10 in Summonings
  6996 | Ossuary  | Reached XP level 9. HP: 45/45 MP: 9/20
  7123 | Ossuary  | Reached skill level 11 in Summonings
  7234 | Ossuary  | Reached skill level 1 in Hexes
  8108 | D:7      | Noticed Maggie
  8114 | D:7      | Killed from afar by Maggie

Illustrated notes

Levels and vault maps discovered:
D:1:      roderic_chinese_lattice_arrival, layout_loops_corners,
          basic_ecumenical_altar
D:2:      layout_basic, serial_shops, shop, st_stairs_8
D:3:      layout_basic, lemuel_crystal_altar, gammafunk_ghost_nasty_kobolds,
          guppyfry_early_orc_mine, uniq_grinder
D:4:      layout_rooms, temple_fountains
D:5:      layout_loops_ring
D:6:      layout_cave_pods, enter_ossuary_5
D:7:      layout_gridville, eino_tiny_chamber, minivault_14, uniq_joseph,
          uniq_maggie
Temple:   regret_index_temple_waves

Skill      XL: |  1  2  3  4  5  6  7  8  9 |
---------------+----------------------------+-----
Summonings     | 5 7 8 10 11 | 11.3
Spellcasting   | 4 5 7 |  7.0
Dodging        | 3 |  3.6
Hexes          | 1 |  1.1
Stealth        | |  2.0

Action                   |  1- 3 |  4- 6 |  7- 9 || total
-------------------------+-------+-------+-------++-------
Melee: Unarmed           |     1 |     1 |     1 ||     3
       Kick              |       |       |     1 ||     1
 Cast: Summon Small Mamm |    52 |    24 |    51 ||   127
       Call Imp          |    18 |     7 |    21 ||    46
       Call Canine Famil |     4 |    14 |    36 ||    54
       Summon Guardian G |       |     2 |    17 ||    19
  Use: Potion            |       |     7 |       ||     7
       Scroll            |       |     5 |       ||     5
Armor: Robe              |    12 |     5 |     4 ||    21
       Skin              |       |       |    11 ||    11
Dodge: Dodged            |    19 |    33 |    42 ||    94
